cohdb
Replays
Latest Replays
All Replays
Popular Replays
Top Player Replays
Match Explorer
How It Works
Community
CoH3 Stats
Reddit
Sign in to upload your games and track your stats! →
Sign in with Steam
Match 38043048
Unlisted
Match 38043048
Overview
Messages
Build Orders
End
Panzergrenadier Squad
Panzergrenadier Squad
Construct Light Support Kompanie
250 Light Carrier
Combat Half-tracks
Fire Support Elements
Veteran Squad Leaders
Selects Armored Support Battlegroup
Selects Salvage Kits
Selects Veteran Gunners
Flakvierling Half-track
Construct Panzerarmee Kommand
Vehicle Survival Package
Emergency Repair Kits
Selects Panzer Storm
2.5-tonne Medical Truck
Pak 38 Mechanized Group
Armored Reserves
Rapid Advance
Tungsten Core Ammunition
Tiger Heavy Tank
Selects Flammpanzer III Medium Tank
Flakvierling Half-track
Selects Command Panzer IV F Medium Tank
Command Panzer IV F Medium Tank
Advanced Field Repairs
Epicdeath
BIOHAZARD
Gorgolo
Basti
Rü Guerrero
河马先生
0
0
Comments
sign in to comment!
No comments posted yet!